 Dungeon Crawl Stone Soup version 0.29.0-11-gd7f09526c8 (webtiles) character file.

Game seed: 15384755843329652200

27 smilodon the Trooper (level 2, 0/24 HPs)
             Began as a Demonspawn Fighter on Sept 2, 2022.
             Slain by a gnoll
             ... wielding a +0 flail
              (10 damage)
             ... on level 2 of the Dungeon.
             The game lasted 00:01:32 (1192 turns).

smilodon the Trooper (Demonspawn Fighter)           Turns: 1192, Time: 00:01:33

Health: 0/24       AC:  6    Str: 16    XL:     2   Next: 93%
Magic:  2/2        EV:  9    Int:  9    God:
Gold:   58         SH:  4    Dex: 12    Spells: 1/1 levels left

rFire   . . .      SeeInvis .   g - +0 dagger (speed)
rCold   . . .      Faith    .   c - +0 buckler
rNeg    . . .      Spirit   .   b - +0 scale mail
rPois   .          Reflect  .   (no helmet)
rElec   .          Harm     .   (no cloak)
rCorr   .          Rampage  .   (no gloves)
Will    .....                   (no boots)
Stlth   ..........              (no amulet)
HPRegen 0.08/turn               (no ring)
MPRegen 0.08/turn               (no ring)

@: no status effects
A: demonic guardian 1
a: no special abilities


You were on level 2 of the Dungeon.
You visited 1 branch of the dungeon, and saw 2 of its levels.

You collected 58 gold pieces.

Inventory:

Hand Weapons
 a - a +0 long sword
 d - a +1 dagger of flaming
 g - a +0 dagger of speed (weapon)
Armour
 b - a +0 scale mail (worn)
 c - a +0 buckler (worn)
Scrolls
 f - a scroll of teleportation {unknown}
Potions
 e - a potion of flight {unknown}


   Skills:
 + Level 3.2 Fighting
 * Level 0.3(1.3) Short Blades
 - Level 2.1(2.2) Long Blades
 + Level 3.0 Armour
 * Level 0.6 Dodging
 + Level 2.8 Shields


You had one spell level left.
You didn't know any spells.
Your spell library contained the following spells:

 Spells                   Type           Power      Damage    Failure   Level
 Tukima's Dance           Hex            0%         N/A       99%         3
 Passage of Golubria      Tloc           0%         N/A       100%        4
 Yara's Violent Unravell  Hex/Tmut       0%         3d3       100%        5


Dungeon Overview and Level Annotations

Branches:
Dungeon (2/15)

Altars:


Innate Abilities, Weirdness & Mutations

A weak demonic guardian rushes to your aid.


Message History

The gnoll shouts!
You hear a shout! x2; You hear an angry hiss.
You hear a shout!
There is a stone staircase leading up here.
A gnoll is nearby!
A gnoll is nearby!
The gnoll closely misses you.
You completely miss the gnoll. You hit the gnoll.
The gnoll is moderately wounded.
The gnoll barely misses you.
You hit the gnoll.
The gnoll is heavily wounded.
The gnoll barely misses you.
A frilled lizard comes into view.
You completely miss the gnoll.
The gnoll is heavily wounded.
You closely miss the gnoll.
The gnoll is heavily wounded.
A gnoll comes into view. It is wielding a +0 spear.
A goblin comes into view. It is wielding a +0 club.
A gnoll comes into view. It is wielding a +0 flail.
The gnoll hits you with a +0 flail.
A demonic guardian appears!
You barely miss the gnoll.
The gnoll is heavily wounded.
The gnoll hits you with a +0 flail!
You hit the gnoll.
The gnoll is severely wounded.
The gnoll barely misses you.
You barely miss the gnoll.
The gnoll is severely wounded.
Your ufetubus hits the gnoll. x2
You barely miss the gnoll.
The gnoll is almost dead.
The gnoll barely misses you.
Your ufetubus hits the gnoll.
The gnoll dies!
Your Armour skill increases to level 3!
Found a scroll labelled KOR RUOROTY.
The gnoll hits you from afar with a +0 spear.
The goblin barely misses you. The gnoll hits you with a +0 flail!
You die...

########
#......#
#......#
###......#
.........##
#<.5# ###@#
#..?gg#
......g.l
..........
..........#
...........
..........##
..........#


You could see 2 gnolls, a goblin, a frilled lizard and a friendly ufetubus
(summoned).

Vanquished Creatures
  A dart slug (D:1)
  An endoplasm (D:1)
  2 goblins (D:1)
  A hobgoblin (D:1)
  A quokka (D:1)
  A ball python (D:1)
  2 bats (D:1)
  A frilled lizard (D:1)
  3 kobolds (D:1)
  2 rats (D:1)
15 creatures vanquished.

Vanquished Creatures (collateral kills)
  A gnoll (D:2)
1 creature vanquished.

Grand Total: 16 creatures vanquished

Notes
Turn   | Place    | Note
-------+----------+-------------------------------------------
     0 | D:1      | smilodon the Demonspawn Fighter began the quest for the
                  | Orb.
     0 | D:1      | Reached XP level 1. HP: 18/18 MP: 1/1
   237 | D:1      | Found a faded altar of an unknown god.
   335 | D:1      | Gained mutation: A weak demonic guardian rushes to your
                  | aid. [demonic ancestry]
   335 | D:1      | Reached XP level 2. HP: 10/24 MP: 2/2
  1192 | D:2      | Slain by a gnoll

Illustrated notes

Levels and vault maps discovered:
D:1:      reono_arrival_forest_river, layout_basic,
          shapermc_ecumenical_altar_ellora
D:2:      layout_basic, uniq_jessica

Skill      XL: |  1  2 |
---------------+-------+-----
Long Blades    | 2 |  2.1
Armour         | 3 |  3.0
Fighting       | |  3.2
Short Blades   | |  0.3
Dodging        | |  0.6
Shields        | |  2.8

Action                   || total
-------------------------++-------
Melee: Dagger            ||    76
       Long sword        ||    11
  Use: Potion            ||     1
Armor: Scale mail        ||    44
Dodge: Dodged            ||    44
Block: Buckler           ||    15
